 Dungeon Crawl Stone Soup version 0.22-a0-166-g5351223 (webtiles) character file.

140 mortelune the Chiller (level 5, -1/35 HPs)
             Began as a Demonspawn Ice Elementalist on Feb 14, 2018.
             Slain by a gnoll
             ... wielding a +0 flail
              (5 damage)
             ... on level 2 of the Dungeon.
             The game lasted 00:07:35 (3332 turns).

mortelune the Chiller (Demonspawn Ice Elementalist) Turns: 3332, Time: 00:07:36

Health: -1/35      AC:  3    Str:  9    XL:     5   Next: 2%
Magic:  0/9        EV: 14    Int: 17    God:
Gold:   112        SH:  0    Dex: 13    Spells: 4/10 levels left

rFire    . . .     SeeInvis .   h - +0 short sword
rCold    . . .     Gourm    .   (no shield)
rNeg     . . .     Faith    .   i - +0 robe (curse)
rPois    +         Spirit   +   (no helmet)
rElec    .         Reflect  .   (no cloak)
rCorr    .         Harm     .   d - +0 pair of gloves
MR       .....                  (no boots)
Stlth    ++........             (no amulet)
HPRegen  0.11/turn              j - ring of poison resistance
MPRegen  0.11/turn              (no ring)

@: no status effects
A: hooves 1, repulsion field 1, magic shield
a: no special abilities


You were on level 2 of the Dungeon.
You were hungry.

You visited 1 branch of the dungeon, and saw 2 of its levels.

You collected 112 gold pieces.

Inventory:

Hand Weapons
 e - a +0 dagger
 h - a +0 short sword (weapon)
Armour
 a - a +0 robe
 d - a +0 pair of gloves (worn)
 i - a cursed +0 robe (worn)
Jewellery
 j - a ring of poison resistance (left hand)
Scrolls
 f - a scroll of fear {unknown}
 g - a scroll of remove curse {unknown}
 l - a scroll of identify {unknown}
Potions
 m - a potion of curing {unknown}
 n - a potion of berserk rage {unknown}
Books
 b - a book of Frost

   Spells                             Type                      Level
   a - Freeze                         Ice                          1
   b - Throw Frost                    Conjuration/Ice              2
   c - Ozocubu's Armour               Charms/Ice                   3
   d - Throw Icicle                   Conjuration/Ice              4
   e - Summon Ice Beast               Ice/Summoning                4
Comestibles
 c - 7 rations


   Skills:
 - Level 2.0 Dodging
 - Level 1.7 Stealth
 + Level 3.0 Spellcasting
 + Level 2.2 Conjurations
 * Level 4.1 Ice Magic


You had 4 spell levels left.
You knew the following spells:

 Your Spells              Type           Power        Failure   Level  Hunger
a - Freeze                Ice            ###.         3%          1    None
b - Throw Frost           Conj/Ice       ##....       7%          2    ##.....
c - Ozocubu's Armour      Chrm/Ice       #.......     22%         3    ###....


Dungeon Overview and Level Annotations

Branches:
Dungeon (2/15)

Altars:

Annotations:
D:2 Terence


Innate Abilities, Weirdness & Mutations

You have large cloven feet.
You are surrounded by a mild repulsion field. (EV +2)
When hurt, damage is shared between your health and your magic reserves.


Message History

The gnoll hits you with a flail!
* * * LOW HITPOINT WARNING * * *
Casting: Freeze (safe; 3% risk of failure)
Confirm with . or Enter, or press ? or * to list all spells.
Aiming: Freeze (safe; 3% risk of failure)
Press: ? - help, Shift-Dir - straight line, f/p - gnoll
Aim: a gnoll, wielding a flail (lightly wounded)
You freeze the gnoll.
The gnoll is lightly wounded.
Casting: Freeze (safe; 3% risk of failure)
Confirm with . or Enter, or press ? or * to list all spells.
Aiming: Freeze (safe; 3% risk of failure)
Press: ? - help, Shift-Dir - straight line, f/p - gnoll
Aim: a gnoll, wielding a flail (lightly wounded)
You freeze the gnoll.
The gnoll is almost dead.
The gnoll hits you with a flail.
* * * LOW HITPOINT WARNING * * *
The gnoll hits you with a flail!
You die...

#.............#.#
#.#############.##
#.# #..# #.# ##.#
#.# #.# #.# ##
#########.# #.#
#............# #g#
#.#####......) #@#
#............# #.#
#.#####.####.# #.#
#.# #.# #.# #.#
#.#####.# #.# #.#
#.......# #.# #.#
#.####### #(# #.#
#.##########.# #.#
#.#...........
#.###............#


You could see a gnoll.

Vanquished Creatures
  6 gnolls
  3 adders (D:2)
  2 oozes (D:2)
  2 dart slugs (D:1)
  A leopard gecko (D:1)
  4 bats (D:1)
  3 giant cockroaches
  4 goblins (D:1)
  5 hobgoblins
  4 jackals (D:1)
  A ball python (D:2)
  4 frilled lizards
  5 kobolds (D:1)
  5 rats
49 creatures vanquished.

Notes
Turn   | Place    | Note
-------+----------+-------------------------------------------
     0 | D:1      | mortelune the Demonspawn Ice Elementalist began the quest for the Orb.
     0 | D:1      | Reached XP level 1. HP: 13/13 MP: 3/3
   237 | D:1      | Gained mutation: When hurt, damage is shared between your health and your magic reserves. [demonic ancestry]
   237 | D:1      | Reached XP level 2. HP: 19/19 MP: 1/5
   284 | D:1      | Learned a level 2 spell: Throw Frost
   405 | D:1      | Reached skill level 3 in Ice Magic
  1230 | D:1      | Gained mutation: You have large cloven feet. [demonic ancestry]
  1230 | D:1      | Reached XP level 3. HP: 21/24 MP: 1/6
  1595 | D:1      | Learned a level 3 spell: Ozocubu's Armour
  1930 | D:2      | Gained mutation: You are surrounded by a mild repulsion field. (EV +2) [demonic ancestry]
  1930 | D:2      | Reached XP level 4. HP: 26/30 MP: 3/8
  2790 | D:2      | Reached skill level 4 in Ice Magic
  2844 | D:2      | Noticed Terence
  3240 | D:2      | Reached XP level 5. HP: 19/35 MP: 0/9
  3332 | D:2      | Slain by a gnoll

Vault maps used:
D:1:      lordsloth_arrival_two_stooges, st_stairs_11
D:2:      first_ration, uniq_terence

Skill      XL: |  1  2  3  4 |
---------------+-------------+-----
Dodging        | 2 |  2.0
Ice Magic      | 3 4 |  4.1
Conjurations   | 2 |  2.2
Spellcasting   | 3 |  3.0
Stealth        | |  1.7

Action                   |  1- 3 |  4- 6 || total
-------------------------+-------+-------++-------
Melee: Dagger            |    16 |       ||    16
       Short sword       |     4 |       ||     4
       Kick              |     1 |       ||     1
 Cast: Freeze            |    48 |    32 ||    80
       Throw Frost       |     9 |     8 ||    17
       Ozocubu's Armour  |     1 |       ||     1
  Eat: Chunk             |     3 |     2 ||     5
       Ration            |       |     1 ||     1
Armor: Robe              |    22 |     3 ||    25
Dodge: Dodged            |    61 |    25 ||    86

Table legend:
 A = Spawn XP
 B = Non-spawn XP
 C = Spawn XP percentage of total XP
 D = Spawn monster count
 E = Non-spawn monster count
 F = Spawn count percentage of total count
 G = Total turns spent on level
                    A         B        C        D         E        F      G
               +---------+---------+-------+---------+---------+-------+---------
         Total |       0 |     201 |   0.0 |       0 |      49 |   0.0 |  3332
               +---------+---------+-------+---------+---------+-------+---------
           D:1 |       0 |      70 |   0.0 |       0 |      33 |   0.0 |  2103
           D:2 |       0 |     131 |   0.0 |       0 |      16 |   0.0 |  1229
               +---------+---------+-------+---------+---------+-------+---------
